 Dungeon Crawl Stone Soup version 0.31-a0-1611-g890cdf5628 (webtiles) character file.

Game seed: 5524150060036409414

67914 zenocrate the Covert (level 15, -3/77 HPs)
             Began as a Vine Stalker Enchanter on Jan 5, 2024.
             Was an Initiate of Gozag.
             Killed from afar by a kobold blastminer (31 damage)
             ... with an iron shot
             ... on level 2 of the Orcish Mines on Jan 8, 2024.
             The game lasted 00:48:35 (20238 turns).

zenocrate the Covert (Vine Stalker Enchanter)      Turns: 20238, Time: 00:48:35

Health: -3/77      AC: 10    Str: 11    XL:     15   Next: 24%
Magic:  0/26       EV: 17    Int: 18    God:    Gozag
Gold:   1886       SH:  7    Dex: 28    Spells: 7/28 levels left

rFire   + + +        a - +9 quick blade (venom)
rCold   + + .        u - +0 buckler
rNeg    + . .        l - +0 leather armour {rC+ rF+}
rPois   +            g - +2 hat
rElec   .            V - +2 cloak of the Jabberwock {rN+ Stlth+}
rCorr   .            U - +0 pair of gloves
SInv    +            (no boots)
Will    ++...        (no amulet)
Stlth   +++++++      q - ring "Jautwomi" {rPois rC+ Will+ Int+6}
HPRegen 1.12/turn    Q - ring "Pulurr" {rPois rF+++ Int-3 Dex+6 SInv}
MPRegen 0.20/turn

%: guardian spirit
@: gold aura
A: fangs 3, regeneration 1, magic shield, antimagic bite, no potion heal 2
a: Renounce Religion, Potion Petition, Call Merchant, Bribe Branch


You were on level 2 of the Orcish Mines.
You worshipped Gozag.
Gozag was most pleased with you.
You visited 4 branches of the dungeon, and saw 17 of its levels.
You also visited: Bailey and Ice Cave.

You collected 5919 gold pieces.
You spent 2399 gold pieces at shops.
You paid 1634 gold pieces to Gozag.

Inventory:

Hand Weapons
 a - a +9 quick blade of venom (weapon)
 b - a +2 rapier of freezing
Missiles
 h - 27 poisoned darts (quivered)
 t - 4 javelins
 N - 7 throwing nets
 R - 2 curare-tipped darts
Armour
 g - a +2 hat (worn)
 l - a +0 leather armour of resistance (worn)
 n - a +1 tower shield of cold resistance
 u - a +0 buckler (worn)
 A - a +2 leather armour of fire resistance
 U - a +0 pair of gloves (worn)
 V - the +2 cloak of the Jabberwock (worn) {rN+ Stlth+}
   (You acquired it on level 5 of the Lair of Beasts)

   rN+:       It protects you from negative energy.
   Stlth+:    It makes you more stealthy.
Jewellery
 q - the ring "Jautwomi" (left hand) {rPois rC+ Will+ Int+6}
   (You acquired it on level 5 of the Lair of Beasts)

   [ring of willpower]

   Int+6:     It affects your intelligence (+6).
   rC+:       It protects you from cold.
   rPois:     It protects you from poison Will+: It increases your willpower.
 r - a ring of ice
 v - a ring of positive energy
 x - a ring of resist corrosion
 J - a ring of flight
 Q - the ring "Pulurr" (right hand) {rPois rF+++ Int-3 Dex+6 SInv}
   (You bought it in a shop on level 7 of the Dungeon)

   [ring of dexterity]

   Int-3:     It affects your intelligence (-3).
   Dex+6:     It affects your dexterity (+6).
   rF+++:     It renders you almost immune to fire.
   rPois:     It protects you from poison SInv: It lets you see invisible.
 Y - a ring of protection from cold
Wands
 z - a wand of light (9)
 E - a wand of flame (23)
 F - a wand of charming (14)
 O - a wand of iceblast (15)
 P - a wand of mindburst (19)
Scrolls
 k - 5 scrolls of revelation
 o - 2 scrolls of teleportation
 p - 3 scrolls of immolation
 s - 6 scrolls of blinking
 y - a scroll of fear
 B - a scroll of poison
 C - a scroll of vulnerability
 G - a scroll of silence
 M - 4 scrolls of summoning
 T - a scroll of torment {unknown}
Potions
 c - 2 potions of invisibility
 d - 4 potions of lignification
 e - 2 potions of ambrosia
 f - 3 potions of enlightenment
 i - 4 potions of curing
 j - 2 potions of haste
 m - a potion of berserk rage
 D - a potion of cancellation
 H - 3 potions of brilliance
 I - 2 potions of magic
 K - 3 potions of might
 L - a potion of resistance
 S - 3 potions of attraction
Miscellaneous
 W - a sack of spiders
 X - a phial of floods
 Z - a condenser vane


   Skills:
 + Level 8.2 Fighting
 * Level 11.8 Short Blades
 - Level 1.7 Throwing
 + Level 5.7 Armour
 + Level 6.9 Dodging
 + Level 14.8 Stealth
 + Level 4.8 Shields
 + Level 7.0 Spellcasting
 + Level 10.9 Hexes
 - Level 4.7 Ice Magic
 - Level 6.3 Evocations


You had 7 spell levels left.
You knew the following spells:

 Your Spells              Type           Power      Damage    Failure   Level
a - Ensorcelled Hibernat  Hex/Ice        68%        N/A       1%          2
b - Confusing Touch       Hex            45%        N/A       1%          3
c - Tukima's Dance        Hex            45%        N/A       1%          3
d - Dazzling Flash        Conj/Hex       52%        N/A       6%          3
e - Yara's Violent Unrav  Hex/Alch       13%        3d7       50%         5
f - Summon Mana Viper     Hex/Summ       26%        N/A       50%         5

Your spell library contained the following spells:

 Spells                   Type           Power      Damage    Failure   Level
 Kiss of Death            Conj/Necr      24%        2d7       19%         1
 Magic Dart               Conj           24%        1d4       19%         1
 Summon Ice Beast         Ice/Summ       14%        N/A       22%         3
 Searing Ray              Conj           12%        2d4       28%         2
 Sublimation of Blood     Necr           6%         N/A       28%         2
 Volatile Blastmotes      Fire/Tloc      12%        2d11      50%         3
 Animate Armour           Summ/Erth      12%        N/A       88%         4
 Dispel Undead            Necr           6%         3d8       88%         4
 Fulminant Prism          Conj/Alch      3%         3d5       88%         4
 Petrify                  Alch/Erth      6%         N/A       88%         4
 Summon Blazeheart Golem  Fire/Summ      6%         N/A       88%         4
 Summon Lightning Spire   Summ/Air       6%         N/A       88%         4
 Alistair's Intoxication  Alch           4%         N/A       99%         5
 Borgnjor's Vile Clutch   Necr/Erth      3%         N/A       99%         5
 Irradiate                Conj/Alch      3%         3d12      99%         5
 Lee's Rapid Deconstruct  Erth           3%         3d5*      99%         5
 Death Channel            Necr           3%         N/A       100%        6
 Eringya's Noxious Bog    Alch           3%         4d6       100%        6
 Starburst                Conj/Fire      3%         6d3       100%        6
 Monstrous Menagerie      Summ           3%         N/A       100%        7
 Orb of Destruction       Conj           3%         9d5       100%        7
 Spellforged Servitor     Conj/Summ      3%         N/A       100%        7
 Maxwell's Capacitive Co  Air            3%         ∞         100%        8
 Animate Dead             Necr           Unusable   N/A       N/A         4

Dungeon Overview and Level Annotations

Branches:
Dungeon (9/15)             Temple (1/1) D:5            Lair (5/5) D:9
  Swamp (0/4) Lair:3        Snake (0/4) Lair:3        Slime (0/5) Lair:5
    Orc (2/2) D:9             Elf (0/3) Orc:2        Bailey (visited)
  IceCv (visited)

Altars:
Ashenzari
Dithmenos
Elyvilon
Fedhas
Gozag
Hepliaklqana
Kikubaaqudgha
Nemelex Xobeh
Okawaru
Qazlal
Ru
Sif Muna
Uskayaw
Wu Jian
Xom
Yredelemnul
Zin
The Shining One
Jiyva

Shops:
D:7 =   D:9 :*((?

Portals:
Abyss: D:9

Annotations:
D:9 2 transporters, DeathSocks's ghost, journeyman GrGl


Innate Abilities, Weirdness & Mutations

You have razor-sharp teeth.
Your natural rate of healing is unusually fast.
When hurt, damage is shared between your health and your magic reserves.
Your bite disrupts and absorbs the magic of your enemies.
Potions cannot restore your health.


Message History

Your bite misses the orc warrior. You hit the orc warrior.
You bite the orc warrior. You drain its power.
The orc warrior is severely wounded.
The kobold blastminer shoots a bolt.
You block the bolt.
The orc warrior is distracted by your dazzling golden aura.
You block the centaur's attack.
The centaur kicks you but does no damage.
The orc warrior shouts!
You hit the orc warrior.
The orc warrior looks as sick as possible!
The orc warrior is no longer distracted by gold.
Your bite misses the orc warrior. You puncture the orc warrior!
You bite the orc warrior.
You kill the orc warrior!
You hear a shout! x4
The orc shoots an arrow.
You block the arrow.
The orc warrior is distracted by your dazzling golden aura.
The orc warrior shoots an arrow.
The arrow misses you.
An orc warrior comes into view. It is wielding a +0 trident.
The kobold blastminer blasts its cannon at you.
The iron shot hits you!! You block the centaur's attack.
The centaur barely misses you.
You hear a shout!
The orc warrior shouts!
You hear a shout!
The centaur wields a +1 heavy shortbow.
The centaur shoots an arrow.
The arrow hits you!
The orc shoots an arrow.
The arrow misses you.
The orc is distracted by your dazzling golden aura.
The orc shoots an arrow.
The arrow hits you but does no damage.
The orc warrior shoots an arrow.
The arrow hits you!
The orc shouts!
Things that are here:
16 gold pieces; a +0 shortbow You hit the kobold blastminer.
The kobold blastminer is poisoned.
You bite the kobold blastminer. You drain its power.
You feel invigorated.
You barely miss the kobold blastminer.
The kobold blastminer is lightly wounded.
You hear a shout!
The kobold blastminer blasts its cannon at you.
The iron shot hits you!!!
You die...
Your body crumbles into a pile of gold.

~~*****~~~~,,,,,,,,,,,*,**
****∩****≈≈≈≈......#...,,*
***,,,**##≈≈≈≈.....#..#,,**
,,,,∩,,,...o..........*,,,**
,,,,∩,,,o.oooo..§....,#.,*,**
***,,,**##≈≈≈≈oo..§#,...,,,,***
****∩*###≈≈≈≈oooo§.#..#.,,,,*,**
≈≈***##≈≈≈≈§..c§§K§....#*,,,,,,*
≈≈≈# #≈≈≈..§.§§§@.§#,,,,,,,,,,***
.≈≈# #≈≈...§§§§§§.##,,,,,,,,,,*,*
...###...##..##§o##...,*,,,,,,,,,
.................§.....,,,,,,,,,,
....................##.,,,,,,,,,,
...............#....#,,,*,,,,,,,,
.............$......o.,,,,,,,,,,,
...................o..o,,,,,,,,,,
.......................,,,,,,,,,,


You could see a kobold blastminer (poisoned), 3 orc warriors, a centaur and 4
orcs.

Vanquished Creatures
  A reaper (Lair:5)
  The ghost of Ukasumac the Mimic, a journeyman DgSh (Lair:1)
  Harold (Lair:2)
  4 catoblepae
  2 hydras (Lair:3)
  A boulder beetle (D:8)
  18 death yaks
  A skyshark (Lair:5)
  2 bog bodies (IceCv)
  An orc sorcerer (Orc:1)
  An orc knight (Bailey)
  An ugly thing (D:8)
  An oklob plant (Lair:3)
  2 cyclopes (D:8)
  5 kobold blastminers (Orc:1)
  8 cane toads
  6 black mambas
  A torpor snail (Lair:3)
  An ice statue (IceCv)
  8 komodo dragons
  3 rime drakes
  A troll (D:9)
  2 anaconda simulacra (IceCv)
  9 polar bears
  A tyrant leech (Lair:3)
  4 hornets (Lair:5)
  13 blink frogs
  13 dream sheep
  14 spriggans
  A dire elephant simulacrum (IceCv)
  A wraith (D:9)
  59 yaks
  2 vampires (D:9)
  5 wyverns
  A human (Lair:5)
  3 basilisks
  A warg (Orc:1)
  A steam dragon (D:9)
  2 swamp worms (Lair:3)
  Edmund (D:5)
  4 death yak simulacra (IceCv)
  A harpy simulacrum (IceCv)
  4 nagas (Lair:3)
  13 water moccasins
  6 ice beasts
  A hydra simulacrum (IceCv)
  3 black bears
  17 orc warriors
  2 sky beasts
  6 ogres
  3 boggarts (Lair:5)
  3 centaurs (Orc:2)
  A phantom (D:6)
  A kobold brigand (D:4)
  31 wolves
  17 bullfrogs
  A gnoll sergeant (D:8)
  2 cane toad simulacra (IceCv)
  7 two-headed ogre simulacra (IceCv)
  A scorpion (D:5)
  4 wights (D:6)
  3 howler monkeys (D:7)
  A bombardier beetle (D:5)
  18 jellies
  5 hounds
  A gnoll bouda (D:8)
  5 orc priests
  4 iguanas
  2 sleepcaps
  A hell rat (Lair:5)
  7 orc wizards
  7 spriggan simulacra (IceCv)
  10 troll simulacra (IceCv)
  4 wolf simulacra (IceCv)
  A polar bear simulacrum (IceCv)
  14 adders
  9 gnolls
  3 naga simulacra (IceCv)
  2 shadow imps
  15 white imps
  5 ufetubi (IceCv)
  5 dart slugs
  58 orcs
  3 endoplasms
  5 giant cockroaches
  7 goblins
  A hobgoblin (D:2)
  3 jackals (D:1)
  7 kobolds
  3 quokkas
  11 ball pythons
  8 bats
  A frilled lizard (D:2)
  9 rats
569 creatures vanquished.

Vanquished Creatures (collateral kills)
  2 orcs (Bailey)
2 creatures vanquished.

Grand Total: 571 creatures vanquished

Notes
Turn   | Place    | Note
-------+----------+-------------------------------------------
     0 | D:1      | zenocrate the Vine Stalker Enchanter began the quest for
                  | the Orb.
     0 | D:1      | Reached XP level 1. HP: 9/9 MP: 4/4
    70 | D:1      | Reached skill level 1 in Short Blades
   179 | D:1      | Reached XP level 2. HP: 13/13 MP: 6/6
   182 | D:1      | Learned a level 2 spell: Ensorcelled Hibernation
   209 | D:1      | Reached skill level 4 in Stealth
   953 | D:1      | Reached skill level 1 in Ice Magic
   953 | D:1      | Reached XP level 3. HP: 16/16 MP: 7/7
   957 | D:1      | Learned a level 3 spell: Confusing Touch
  1476 | D:2      | Reached XP level 4. HP: 21/21 MP: 8/8
  1739 | D:2      | Identified the +1 leather armour of the Stars {Dex+5}
  2138 | D:3      | Found an ancient bone altar of Kikubaaqudgha.
  2340 | D:3      | Found a broken altar of Ashenzari.
  2462 | D:3      | Found a faded altar of an unknown god.
  2669 | D:3      | Reached XP level 5. HP: 24/24 MP: 6/9
  2673 | D:3      | Learned a level 3 spell: Tukima's Dance
  3141 | D:4      | Found a shimmering blue altar of Sif Muna.
  3217 | D:4      | Found an opulent altar of Gozag.
  3305 | D:4      | Noticed a water moccasin
  3307 | D:4      | Killed a water moccasin
  3308 | D:4      | Reached skill level 5 in Stealth
  3308 | D:4      | Reached XP level 6. HP: 28/28 MP: 10/10
  3319 | D:4      | Noticed a black bear
  3327 | D:4      | Killed a black bear
  3334 | D:4      | Found a sacrificial altar of Ru.
  3339 | D:4      | Found an iron altar of Okawaru.
  3484 | D:4      | Reached skill level 1 in Throwing
  3484 | D:4      | Reached XP level 7. HP: 27/32 MP: 4/11
  3885 | D:4      | Found a white marble altar of Elyvilon.
  4091 | D:4      | Became a worshipper of Gozag Ym Sagoz the Greedy
  4188 | D:5      | Entered Level 5 of the Dungeon
  4250 | D:5      | Reached skill level 6 in Stealth
  4490 | D:5      | Found a staircase to the Ecumenical Temple.
  4494 | D:5      | Reached skill level 5 in Hexes
  4494 | D:5      | Gained mutation: You have razor-sharp teeth. [Vine Stalker
                  | growth]
  4494 | D:5      | Reached XP level 8. HP: 36/36 MP: 12/12
  4502 | Temple   | Entered the Ecumenical Temple
  4542 | D:5      | Noticed Edmund
  4576 | D:5      | Killed Edmund
  4628 | D:5      | You fall into a shaft and drop 2 floors!
  4764 | D:6      | Reached skill level 7 in Stealth
  5186 | D:6      | Reached skill level 5 in Short Blades
  5186 | D:6      | Reached skill level 1 in Evocations
  5231 | D:6      | Reached XP level 9. HP: 39/39 MP: 13/13
  5276 | D:6      | Upgraded the game from 0.31-a0-1589-g8f5e8aebd6 to
                  | 0.31-a0-1611-g890cdf5628
  5371 | D:6      | Reached skill level 8 in Stealth
  5804 | D:6      | Found an ornate altar of the Wu Jian Council.
  6374 | D:7      | Found a shadowy altar of Dithmenos.
  6645 | D:7      | Found Illylluro's One-of-a-Kind Rings.
  7020 | D:8      | Noticed a cyclops
  7098 | D:8      | Reached skill level 9 in Stealth
  7182 | D:8      | Found a flagged portal.
  7213 | Bailey   | Entered a bailey
  7332 | Bailey   | Reached skill level 1 in Fighting
  7336 | Bailey   | Reached XP level 10. HP: 18/46 MP: 14/14
  7410 | Bailey   | Reached skill level 11 in Stealth
  7410 | Bailey   | Reached skill level 5 in Evocations
  7410 | Bailey   | Reached XP level 11. HP: 54/54 MP: 15/15
  7552 | Bailey   | Noticed an orc knight
  7709 | Bailey   | Killed an orc knight
  7902 | D:8      | Killed a cyclops
  8022 | D:8      | Found a hazy altar of Hepliaklqana.
  8165 | D:8      | Noticed a cyclops
  8166 | D:8      | Noticed a green ugly thing
  8182 | D:8      | Noticed a boulder beetle
  8187 | D:8      | Killed a cyclops
  8201 | D:8      | Killed a boulder beetle
  8207 | D:8      | Killed a green ugly thing
  8208 | D:8      | Reached skill level 12 in Stealth
  8305 | D:7      | Bought the ring "Pulurr" {rPois rF+++ Int-3 Dex+6 SInv} for
                  | 1041 gold pieces
  8312 | D:7      | Learned a level 3 spell: Dazzling Flash
  8366 | D:9      | Found a staircase to the Lair.
  8379 | D:9      | Noticed an occultist
  8379 | D:9      | Noticed a skeletal warrior
  8386 | D:9      | Noticed DeathSocks's ghost (journeyman GrGl)
  8431 | D:9      | Found a one-way gate to the infinite horrors of the Abyss.
  8437 | D:9      | Found a staircase to the Orcish Mines.
  8463 | D:9      | Found a transporter.
  8480 | D:9      | Found a transporter.
  8487 | D:9      | Found Bamuxzam's Book Emporium.
  8554 | D:9      | Found Atucij Mur's Assorted Antiques.
  8564 | D:9      | Bought a scroll labelled JUUQOH ARUTIOG for 35 gold pieces
  8564 | D:9      | Bought a scroll labelled XOTOGE QUCAPICW for 35 gold pieces
  8564 | D:9      | Bought a scroll of identify for 70 gold pieces
  8596 | D:9      | Found Xymailej's Weapon Boutique.
  8596 | D:9      | Found Rotozil's Weapon Emporium.
  8981 | D:9      | Found Nougin's Magic Scroll Shoppe.
  8985 | D:9      | Bought a scroll of blinking for 97 gold pieces
  8985 | D:9      | Bought a scroll of blinking for 97 gold pieces
  8985 | D:9      | Bought a scroll of identify for 26 gold pieces
  8985 | D:9      | Bought a scroll of identify for 26 gold pieces
  9170 | D:9      | Bought a scroll of revelation for 97 gold pieces
  9230 | Lair:1   | Entered Level 1 of the Lair of Beasts
  9243 | Lair:1   | Noticed a catoblepas
  9332 | Lair:1   | Killed a catoblepas
  9408 | Lair:1   | Reached XP level 12. HP: 53/58 MP: 13/16
  9953 | Lair:1   | Found a runed translucent door.
  9975 | Lair:1   | Identified the +6 trident "Amnuze" {venom, ^Contam rElec
                  | MP+9}
  9975 | Lair:1   | Noticed Ukasumac's ghost (journeyman DgSh)
 10050 | Lair:1   | Reached skill level 5 in Fighting
 10050 | Lair:1   | Reached skill level 1 in Armour
 10359 | D:9      | Bought a runed cloak for 262 gold pieces
 11270 | Lair:2   | Reached skill level 13 in Stealth
 11280 | Lair:2   | Noticed a catoblepas
 11310 | Lair:2   | Killed a catoblepas
 11378 | Lair:2   | Noticed Harold
 11398 | Lair:2   | Killed Harold
 11893 | D:9      | Bought a scroll of summoning for 123 gold pieces
 12067 | Lair:1   | Killed Ukasumac's ghost
 12068 | Lair:1   | Reached skill level 5 in Dodging
 12494 | Lair:2   | Reached XP level 13. HP: 65/65 MP: 17/20
 12662 | D:9      | Bought a dazzling orb for 490 gold pieces
 12662 | D:9      | Identified the orb of Iwool {mayhem, Rampage rC+ Summ Ice}
                  | (You bought it in a shop on level 9 of the Dungeon)
 12763 | Lair:3   | Reached skill level 1 in Shields
 12802 | Lair:3   | Reached skill level 10 in Short Blades
 13668 | Lair:3   | Found a staircase to the Swamp.
 14140 | Lair:3   | Found a staircase to the Snake Pit.
 14252 | Lair:3   | Reached skill level 5 in Spellcasting
 14420 | Lair:4   | Got the Precepts of Malediction
 14439 | Lair:4   | Learned a level 5 spell: Yara's Violent Unravelling
 14451 | Lair:4   | Learned a level 5 spell: Summon Mana Viper
 15503 | Lair:5   | Entered Level 5 of the Lair of Beasts
 15508 | Lair:5   | Reached skill level 10 in Hexes
 15558 | Lair:5   | Identified 2 scrolls of acquirement
 15584 | Lair:5   | Acquired the ring "Jautwomi" {rPois rC+ Will+ Int+6}
 15585 | Lair:5   | Acquired a +6 quick blade of venom
 16129 | Lair:4   | Reached skill level 14 in Stealth
 16358 | Lair:4   | Reached XP level 14. HP: 36/72 MP: 10/23
 16715 | Lair:5   | Found a staircase to the Slime Pits.
 16718 | Lair:5   | Found a viscous altar of Jiyva.
 17313 | Lair:5   | Acquired the +2 cloak of the Jabberwock {rN+ Stlth+}
 17378 | Lair:5   | Found a runed translucent door.
 17584 | Lair:5   | Reached skill level 5 in Armour
 18580 | Lair:5   | Noticed a reaper
 18593 | Lair:5   | Killed a reaper
 18594 | Lair:5   | Reached XP level 15. HP: 77/77 MP: 24/26
 18778 | Orc:1    | Entered Level 1 of the Orcish Mines
 19224 | Orc:2    | Entered Level 2 of the Orcish Mines
 19233 | Orc:2    | Found a frozen archway.
 19304 | IceCv    | Entered an ice cave
 20130 | Orc:2    | Found a staircase to the Elven Halls.
 20238 | Orc:2    | Killed from afar by a kobold blastminer

Illustrated notes

Levels and vault maps discovered:
D:1:      heliophobic_arrival_enchanted_forest, layout_basic,
          serial_bayou_pond_c
D:2:      layout_basic, minmay_pentomino_w2
D:3:      layout_basic, kiku_gazebo_pond_becter, nicolae_ashenzari_panopticon,
          nicolae_ecumenical_pavilion, minmay_joined_circles
D:4:      layout_basic, elyvilon_altar_1, nicolae_overflow_crystal_walls,
          mainiacjoe_overflow_catwalk_spiral, grunt_gozag_statues
D:5:      layout_cave_pools, slow_altar_2, minmay_temple_entry_drinking_statues,
          grunt_ministairs_1, chequers_serial_rivers_micro_c, uniq_edmund,
          uniq_sigmund
D:6:      layout_basic, pdpol_wu_jian_five_deadly_venoms, nicolae_benzene_ring
D:7:      layout_loops_cross, mainiacjoe_overflow_paths,
          nicolae_shop_unique_rings
D:8:      minmay_chambers_of_sixes, layout_cave_pools,
          nzn_hepliaklqana_mist_gate, enter_bailey_2, grunt_ministairs_14,
          minmay_sticks_and_stones
D:9:      minmay_evil_eye, layout_basic, hellmonk_lair_entry_icy, orc_0_dummy,
          serial_shops, nicolae_shop_tiny_statue_garden, shop,
          nicolae_shop_just_a_little_nook, nicolae_shop_rolled_up, shop,
          gammafunk_ghost_abyssal_escape, kennysheep_generic_room_6
Temple:   nicolae_temple_godpark
Lair:1:   layout_cave_pods, ebering_ghost_funeral_grove, serial_bayou_pond_c
Lair:2:   layout_misc_corridors, uniq_harold
Lair:3:   layout_gridlike, palyth_hydra_swamp_entry,
          minmay_snake_entry_guardpost_small
Lair:4:   layout_gridlike, serial_forest, infiniplex_forest_clump_medium,
          infiniplex_forest_lined_2, infiniplex_forest_3_way,
          infiniplex_forest_side_room, infiniplex_forest_straight_2,
          infiniplex_forest_lined_2, infiniplex_staircase_pool
Lair:5:   minmay_lair_end_enchanted_forest, layout_regular_city,
          minmay_slime_entry_jelly_boxes, minivault_19,
          pdpol_lair_cabin_in_the_woods
Orc:1:    layout_caves
Orc:2:    st_orc_rangers, layout_caves, portal_ice_cave_entry_imps

Skill      XL: |  1  2  3  4  5  6  7  8  9 10 11 12 13 14 15 |
---------------+----------------------------------------------+-----
Short Blades   | 1 2 3 4 5 6 7 9 10 11 | 11.8
Stealth        | 4 5 6 7 9 11 12 13 14 | 14.8
Ice Magic      | 1 2 3 4 |  4.7
Hexes          | 4 5 6 7 8 9 10 | 10.9
Throwing       | 1 |  1.7
Evocations     | 1 3 5 6 |  6.3
Fighting       | 1 4 6 7 8 |  8.2
Dodging        | 4 5 6 |  6.9
Armour         | 3 4 5 |  5.7
Spellcasting   | 4 5 6 7 |  7.0
Shields        | 3 4 |  4.8

Action                     |  1- 3 |  4- 6 |  7- 9 | 10-12 | 13-15 || total
---------------------------+-------+-------+-------+-------+-------++-------
  Melee: Dagger            |    73 |    96 |   295 |   374 |   154 ||   992
         Bite              |    18 |    20 |    81 |   138 |   522 ||   779
         Punch             |       |       |     4 |     2 |     7 ||    13
         Quick blade       |       |       |       |       |  1006 ||  1006
  Throw: Dart              |       |       |     1 |     1 |     4 ||     6
   Cast: Ensorcelled Hiber |     9 |    35 |    56 |    55 |   110 ||   265
         Confusing Touch   |       |       |    11 |    31 |    55 ||    97
         Tukima's Dance    |       |       |       |     4 |       ||     4
 Invoke: Potion Petition   |       |       |       |       |     4 ||     4
  Evoke: Wand              |       |       |       |       |     6 ||     6
    Use: Scroll            |       |     3 |     7 |    14 |    20 ||    44
         Potion            |       |       |     1 |     5 |     3 ||     9
   Stab: Sleeping          |    14 |    29 |    43 |    46 |    90 ||   222
         Confused          |       |       |     6 |    28 |    43 ||    77
         Invisible         |       |       |     2 |    11 |     1 ||    14
         Distracted        |       |       |       |     2 |    10 ||    12
         Petrifying        |       |       |       |     1 |       ||     1
         Petrified         |       |       |       |     1 |       ||     1
 Armour: Robe              |    35 |     3 |       |       |       ||    38
         Leather armour    |       |    41 |   166 |   166 |   358 ||   731
  Dodge: Dodged            |    53 |    47 |   160 |   156 |   350 ||   766
  Block: Buckler           |       |       |       |       |    91 ||    91

Table legend: (Time is in decaauts)
 A = Elapsed time spent in this place.
 B = Non-inter-level travel time spent in this place.
 C = Inter-level travel time spent in this place.
 D = Time resting spent in this place.
 E = Time spent auto-exploring this place.
 F = Levels seen in this place.
 G = Mean time per level.
                   A        B        C        D        E       F      G
               +--------+--------+--------+--------+--------+-----+--------+
         Total |  19754 |  17751 |   2003 |    330 |  12717 |  19 | 1039.7 |
       Dungeon |   9113 |   8161 |    952 |      9 |   6246 |   9 | 1012.6 |
        Temple |      1 |      1 |      0 |      0 |      0 |   1 |    1.0 |
          Lair |   8685 |   7648 |   1037 |    221 |   5283 |   5 | 1737.0 |
  Orcish Mines |    614 |    601 |     13 |      0 |    408 |   2 |  307.0 |
        Bailey |    546 |    546 |      0 |    100 |    268 |   1 |  546.0 |
      Ice Cave |    792 |    792 |      0 |      0 |    512 |   1 |  792.0 |
               +--------+--------+--------+--------+--------+-----+--------+

Top non-repeatable levels by time:
  Lair:5: 2360 daAuts
  Lair:1: 2259 daAuts
  Lair:3: 1610 daAuts
     D:6: 1523 daAuts
  Lair:4: 1402 daAuts
     D:9: 1175 daAuts
     D:4: 1111 daAuts
  Lair:2: 1052 daAuts
     D:2: 1043 daAuts
     D:1: 1021 daAuts
     D:8: 1012 daAuts
     D:3: 994 daAuts
     D:7: 804 daAuts
   IceCv: 792 daAuts
  Bailey: 546 daAuts
